 Dungeon Crawl Stone Soup version 0.29.1-1-gd02db6906a (webtiles) character file.

Game seed: 15598031449346714127

1096 funnyparkerb the Sneak (level 8, -2/43 HPs)
             Began as a Vine Stalker Monk on Sept 29, 2022.
             Was a Follower of Uskayaw.
             Splashed by a jelly's acid (8 damage)
             ... on level 4 of the Dungeon.
             The game lasted 00:07:49 (4429 turns).

funnyparkerb the Sneak (Vine Stalker Monk)          Turns: 4429, Time: 00:07:49

Health: -2/43      AC: -11   Str: 15    XL:     8   Next: 31%
Magic:  0/9        EV: 13    Int: 16    God:    Uskayaw [*.....]
Gold:   338        SH: 10    Dex: 18    Spells: 7/7 levels left

rFire   . . .      SeeInvis .   g - +0 dagger
rCold   . . .      Faith    .   A - +1 kite shield {AC+3}
rNeg    . . .      Spirit   +   l - +0 scale mail
rPois   .          Reflect  .   x - +0 helmet
rElec   .          Harm     .   n - +1 cloak
rCorr   .          Rampage  .   (no gloves)
Will    +....                   q - +0 pair of boots
Stlth   ++........              y - amulet of regeneration
HPRegen 1.74/turn               j - +4 ring of evasion
MPRegen 0.11/turn               k - +6 ring of intelligence

@: corroded
A: fangs 3, regeneration 1, magic shield, antimagic bite, no potion heal 2
a: Renounce Religion, Stomp


You were on level 4 of the Dungeon.
You worshipped Uskayaw.
Uskayaw was noncommittal.
You visited 2 branches of the dungeon, and saw 7 of its levels.

You collected 338 gold pieces.

Inventory:

Hand Weapons
 g - a +0 dagger (weapon)
Missiles
 e - 2 boomerangs (quivered)
Armour
 l - a +0 scale mail (worn)
 n - a +1 cloak (worn)
 o - a +0 chain mail
 q - a +0 pair of boots (worn)
 x - a +0 helmet (worn)
 A - a +1 kite shield of protection (worn)
Jewellery
 b - a ring of resist corrosion
 j - a +4 ring of evasion (left hand)
 k - a +6 ring of intelligence (right hand)
 y - an amulet of regeneration (around neck)
Wands
 r - a wand of mindburst (11)
Scrolls
 a - 7 scrolls of identify {unknown}
 d - 2 scrolls of vulnerability {unknown}
 f - 4 scrolls of magic mapping {unknown}
 h - 2 scrolls of fear {unknown}
 i - 3 scrolls of enchant weapon {unknown}
 m - a scroll of enchant armour {unknown}
 t - a scroll of amnesia {unknown}
 u - a scroll of summoning {unknown}
 w - 2 scrolls of butterflies {unknown}
 B - 2 scrolls of teleportation {unknown}
Potions
 c - a potion of ambrosia
 p - a potion of mutation {unknown}
 s - 2 potions of berserk rage {unknown}
 v - a potion of attraction {unknown}
 z - 2 potions of heal wounds {unknown}
 C - a potion of brilliance {unknown}


   Skills:
 + Level 5.0 Fighting
 + Level 4.9 Short Blades
 + Level 4.4 Dodging
 + Level 6.2 Stealth
 + Level 2.3 Shields


You had 7 spell levels left.
You didn't know any spells.
Your spell library contained the following spells:

 Spells                   Type           Power      Damage    Failure   Level
 Apportation              Tloc           0%         N/A       98%         1
 Magic Dart               Conj           0%         1d3       98%         1
 Sandblast                Erth           0%         2d4       98%         1
 Call Imp                 Summ           0%         N/A       99%         2
 Passwall                 Tmut/Erth      0%         N/A       99%         2
 Scorch                   Fire           0%         2d5       99%         2
 Mephitic Cloud           Conj/Pois/Air  0%         N/A       100%        3
 Stone Arrow              Conj/Erth      0%         3d7       100%        3
 Flame Wave               Conj/Fire      0%         2d4       100%        4
 Alistair's Intoxication  Tmut/Pois      0%         N/A       100%        5
 Fireball                 Conj/Fire      0%         3d3       100%        5
 Starburst                Conj/Fire      0%         6d3       100%        6
 Summon Cactus Giant      Summ           0%         N/A       100%        6
 Ignition                 Fire           0%         3d3       100%        8


Dungeon Overview and Level Annotations

Branches:
Dungeon (6/15)             Temple (1/1) D:5

Altars:
Cheibriados
Gozag
Hepliaklqana
Makhleb
Okawaru
Qazlal
Ru
Trog
Uskayaw
Vehumet
Xom
Yredelemnul
Zin
The Shining One

Annotations:
Temple 2 transporters


Innate Abilities, Weirdness & Mutations

You have razor-sharp teeth.
Your natural rate of healing is unusually fast.
When hurt, damage is shared between your health and your magic reserves.
Your bite disrupts and absorbs the magic of your enemies.
Potions cannot restore your health.


Message History

The jelly barely misses you.
Throw: 4 boomerangs
Press: ? - help, Q - select action, (/) - cycle Shift-Dir - straight line, f/p - jelly
Aim: a jelly (severely wounded, 90% to hit)
You throw a boomerang.
The boomerang hits the jelly but does no damage.
The jelly is severely wounded.
You block the jelly's attack. The jelly hits you.
You are splashed with acid!
Throw: 3 boomerangs
Press: ? - help, Q - select action, (/) - cycle Shift-Dir - straight line, f/p - jelly
Aim: a jelly (severely wounded, 90% to hit)
You throw a boomerang. The boomerang hits the jelly.
The jelly is severely wounded.
You block the jelly's attack.
Throw: 3 boomerangs
Press: ? - help, Q - select action, (/) - cycle Shift-Dir - straight line, f/p - jelly
Aim: a jelly (severely wounded, 90% to hit)
You throw a boomerang.
The boomerang hits the jelly but does no damage.
The jelly is severely wounded.
The jelly hits you. The acid corrodes you!
You are splashed with acid!
You block the jelly's attack.
Throw: 3 boomerangs
Press: ? - help, Q - select action, (/) - cycle Shift-Dir - straight line, f/p - jelly
Aim: a jelly (severely wounded, 90% to hit)
You throw a boomerang.
The boomerang hits the jelly but does no damage.
The jelly is severely wounded.
The jelly hits you. The acid corrodes you!
You are splashed with acid!
Throw: 3 boomerangs
Press: ? - help, Q - select action, (/) - cycle Shift-Dir - straight line, f/p - jelly
Aim: a jelly (severely wounded, 90% to hit)
You throw a boomerang. The boomerang hits the jelly.
The jelly is almost dead.
The jelly hits you. The acid corrodes you!
You are splashed with acid!
* * * LOW HITPOINT WARNING * * *
The jelly hits you.
* * * LOW HITPOINT WARNING * * *
The acid corrodes you!
You are splashed with acid!
You die...

############ #..........#
#..........#
######..........##########
###.............J..........#
.⌠######........@.#####.##.#
..#(.###...##+##..# ##'##.#
..#....##..#...#######...#.#
.##.....#....⌠...###...⌠.+.#
.#........##.............###
.#........####....<....###
##........# ###.....###
†.......#.# ##.⌠.##
.......##.# ###.....###


You could see a jelly.

Vanquished Creatures
  Grinder (D:5)
  A water moccasin (D:5)
  An ogre (D:5)
  A centaur (D:5)
  2 scorpions
  A jelly (D:4)
  2 orc priests (D:5)
  2 hounds (D:4)
  2 iguanas
  An orc wizard (D:5)
  11 gnolls
  5 adders
  3 worms
  A dart slug (D:2)
  11 orcs
  13 ball pythons
  6 endoplasms
  3 giant cockroaches
  6 goblins
  7 hobgoblins
  7 jackals
  5 quokkas
  2 bats (D:1)
  2 frilled lizards
  8 kobolds
  6 rats
110 creatures vanquished.

Notes
Turn   | Place    | Note
-------+----------+-------------------------------------------
     0 | D:1      | funnyparkerb the Vine Stalker Monk began the quest for the
                  | Orb.
     0 | D:1      | Reached XP level 1. HP: 11/11 MP: 2/2
   209 | D:1      | Reached XP level 2. HP: 16/16 MP: 3/3
   748 | D:1      | Reached skill level 3 in Stealth
  1099 | D:1      | Reached XP level 3. HP: 17/20 MP: 4/4
  1410 | D:2      | Identified the +6 spear of World's End {elec, rC+ Will+}
  1706 | D:2      | Gained mutation: Your natural rate of healing is unusually
                  | fast. [Vine Stalker growth]
  1706 | D:2      | Reached XP level 4. HP: 24/24 MP: 5/5
  2283 | D:3      | Found a bloodstained altar of Trog.
  2357 | D:3      | Identified the +0 robe "Nelerawe" {Str+6}
  2410 | D:3      | Reached XP level 5. HP: 28/28 MP: 6/6
  2594 | D:3      | Found a glowing silver altar of Zin.
  2594 | D:3      | Found an iron altar of Okawaru.
  2844 | D:4      | Reached skill level 4 in Stealth
  2888 | D:4      | Reached XP level 6. HP: 32/33 MP: 7/7
  3212 | D:4      | You fall into a shaft and drop 1 floor!
  3212 | D:5      | Entered Level 5 of the Dungeon
  3633 | D:5      | Reached skill level 5 in Stealth
  3670 | D:5      | Noticed a water moccasin
  3694 | D:5      | Killed a water moccasin
  3695 | D:5      | Reached XP level 7. HP: 23/37 MP: 6/8
  3724 | D:5      | Reached skill level 1 in Shields
  4076 | D:5      | Noticed Grinder
  4077 | D:5      | Found a staircase to the Ecumenical Temple.
  4101 | D:5      | Paralysed by Grinder for 4 turns
  4107 | D:5      | Killed Grinder
  4108 | D:5      | Reached skill level 6 in Stealth
  4108 | D:5      | Gained mutation: You have razor-sharp teeth. [Vine Stalker
                  | growth]
  4108 | D:5      | Reached XP level 8. HP: 42/42 MP: 9/9
  4115 | Temple   | Entered the Ecumenical Temple
  4115 | Temple   | Found a transporter.
  4115 | Temple   | Found a transporter.
  4117 | Temple   | Found a transporter.
  4117 | Temple   | Found a transporter.
  4130 | Temple   | Became a worshipper of Uskayaw the Reveller
  4130 | Temple   | Reached * piety under Uskayaw
  4339 | D:5      | Reached ** piety under Uskayaw
  4372 | D:5      | Reached *** piety under Uskayaw
  4373 | D:5      | Reached skill level 5 in Fighting
  4429 | D:4      | Splashed by a jelly's acid

Illustrated notes

Levels and vault maps discovered:
D:1:      dpeg_arrival_tiny_a, layout_rooms, roderic_malta_cross,
          chequers_serial_rivers_large_a, minmay_pentomino_z4
D:2:      layout_loops_ring
D:3:      layout_rooms, amcnicky_altar_gilded, nicolae_overflow_two_pavilions
D:4:      kennysheep_spiral_hall, layout_rooms, dk_noncrumbling_3,
          grunt_ministairs_13, minmay_between
D:5:      layout_basic, minmay_temple_entry_antechambers, uniq_grinder
D:6:      layout_rooms, nemelex_diamond_rough_becter,
          mainiacjoe_overflow_cross_hatched, ashenzari_altar_1
Temple:   hellmonk_temple_divided_pantheon

Skill      XL: |  1  2  3  4  5  6  7  8 |
---------------+-------------------------+-----
Stealth        | 3 4 5 6 |  6.2
Short Blades   | 3 4 |  4.9
Fighting       | 3 4 5 |  5.0
Dodging        | 3 4 |  4.4
Shields        | 2 |  2.3

Action                   |  1- 3 |  4- 6 |  7- 9 || total
-------------------------+-------+-------+-------++-------
Melee: Short sword       |    19 |       |       ||    19
       Bite              |    26 |   112 |    64 ||   202
       Dagger            |   102 |   315 |   155 ||   572
       Punch             |     2 |     2 |       ||     4
Throw: Boomerang         |     9 |     6 |    10 ||    25
Invok: Line Pass         |       |       |     1 ||     1
 Stab: Sleeping          |     2 |     3 |       ||     5
       Paralysed         |       |       |     1 ||     1
Armor: Robe              |     7 |       |       ||     7
       Scale mail        |    20 |    88 |    58 ||   166
       Chain mail        |     2 |       |       ||     2
Dodge: Dodged            |    69 |   159 |   103 ||   331
Block: Kite shield       |       |    41 |    89 ||   130
